| TOP OF THE 1ST |
|
Seattle (APP) Mariners batting - Pitching for Boston (APP) Red Sox : RHP Seb Lightfoot
|
|
Pitching: RHP Seb Lightfoot
|
|
|
Batting: RHB Chris Van Niel
|
0-0: Ground out 4-3 (Groundball, 6M, EV 102.5 MPH)
|
|
Batting: RHB John Vasquez
|
0-0: Ball 1-0: Foul Ball, location: 2F 1-1: Ground out 5-3 (Groundball, 56S, EV 88.8 MPH)
|
|
Batting: SHB Carlos Luna
|
0-0: Foul Ball, location: 2F 0-1: Ball 1-1: Foul Ball, location: 2F 1-2: Ball 2-2: Ball 3-2: Base on Balls
|
|
Batting: RHB Nick Edmunds
|
0-0: Ball 1-0: DOUBLE (Line Drive, 78XD, EV 110.6 MPH) Carlos Luna to third
|
|
Batting: RHB Nick Ellis
|
0-0: Ball 1-0: Ball 2-0: Swinging Strike 2-1: Foul Ball, location: 2F 2-2: TRIPLE (Line Drive, 9LD, EV 104.4 MPH) Carlos Luna scores Nick Edmunds scores
|
|
Batting: RHB Carlton McDonald
|
0-0: Ball 1-0: Swinging Strike 1-1: Ball 2-1: Ground out U3 (Groundball, 34S, EV 79.4 MPH)
|
| Top of the 1st over - 2 runs, 2 hits, 0 errors, 1 left on base; Seattle (APP) 2 - Boston (APP) 0 |
| BOTTOM OF THE 1ST |
|
Boston (APP) Red Sox batting - Pitching for Seattle (APP) Mariners : RHP Terry Jeffrey
|
|
Pitching: RHP Terry Jeffrey
|
|
|
Batting: LHB Javier Cajina
|
0-0: Ball 1-0: Ball 2-0: Ball 3-0: Base on Balls
|
|
Batting: RHB Kirk Cully
|
0-0: Ball 1-0: Swinging Strike 1-1: Foul Ball, location: 2F 1-2: Ball 2-2: Fly out, F7 (Flyball, 78D, EV 103.8 MPH)
|
|
Batting: LHB Mike Hutcheson
|
0-0: Fielders Choice at 2nd, 6-4 (Groundball, 6, EV 88.8 MPH)
|
|
Batting: RHB Bakhtiar Asadov
|
0-0: Ball 1-0: Ball 2-0: Foul Ball, location: 2F 2-1: Swinging Strike 2-2: Strikes out looking
|
| Bottom of the 1st over - 0 runs, 0 hits, 0 errors, 1 left on base; Seattle (APP) 2 - Boston (APP) 0 |
| TOP OF THE 2ND |
|
Seattle (APP) Mariners batting - Pitching for Boston (APP) Red Sox : RHP Seb Lightfoot
|
|
Batting: RHB Joaquin Salazar
|
0-0: Ball 1-0: Called Strike 1-1: Ball 2-1: Foul Ball, location: 2F 2-2: Strikes out swinging
|
|
Batting: RHB Ziven Badersky
|
0-0: Called Strike 0-1: Ball 1-1: Foul Ball, location: 2F 1-2: Ground out 4-3 (Groundball, 4, EV 101.9 MPH)
|
|
Batting: RHB Josh Carpenter
|
0-0: Swinging Strike 0-1: Foul Ball, location: 2F 0-2: Ground out U3 (Groundball, 34S, EV 89.4 MPH)
|
| Top of the 2nd over - 0 runs, 0 hits, 0 errors, 0 left on base; Seattle (APP) 2 - Boston (APP) 0 |
| BOTTOM OF THE 2ND |
|
Boston (APP) Red Sox batting - Pitching for Seattle (APP) Mariners : RHP Terry Jeffrey
|
|
Batting: RHB Felix Rangel
|
0-0: Ball 1-0: Foul Ball, location: 2F 1-1: Foul Ball, location: 2F 1-2: Fly out, F4 (Popup, 34S, EV 77.5 MPH)
|
|
Batting: RHB Eric Kent
|
0-0: Ball 1-0: Swinging Strike 1-1: Swinging Strike 1-2: Foul Ball, location: 2F 1-2: Fly out, F4 (Popup, 23, EV 92.5 MPH)
|
|
Batting: SHB Matsudaira Ikeda
|
0-0: Reached on error, E2 (Groundball, 15S, EV 70.0 MPH)
|
|
Batting: RHB Luis Nino
|
0-0: Called Strike 0-1: Ground out 5-3 (Groundball, 56, EV 83.8 MPH)
|
| Bottom of the 2nd over - 0 runs, 0 hits, 1 error, 1 left on base; Seattle (APP) 2 - Boston (APP) 0 |
| TOP OF THE 3RD |
|
Seattle (APP) Mariners batting - Pitching for Boston (APP) Red Sox : RHP Seb Lightfoot
|
|
Batting: RHB Chris Van Niel
|
0-0: Foul Ball, location: 2F 0-1: DOUBLE (Flyball, 89D, EV 88.8 MPH)
|
|
Batting: RHB John Vasquez
|
0-0: Ball 1-0: Called Strike 1-1: Ground out 4-3 (Groundball, 4, EV 106.2 MPH) Chris Van Niel to third
|
|
Batting: SHB Carlos Luna
|
0-0: Ball 1-0: Called Strike 1-1: Called Strike 1-2: Strikes out swinging
|
|
Batting: RHB Nick Edmunds
|
0-0: Called Strike 0-1: Ball 1-1: Ball 2-1: Foul Ball, location: 2F 2-2: SINGLE (Groundball, 15S, EV 61.9 MPH) (infield hit) Chris Van Niel scores
|
|
Batting: RHB Nick Ellis
|
0-0: Ball Wild Pitch! Nick Edmunds to second 1-0: Swinging Strike 1-1: Ball 2-1: Called Strike 2-2: Strikes out swinging
|
| Top of the 3rd over - 1 run, 2 hits, 0 errors, 1 left on base; Seattle (APP) 3 - Boston (APP) 0 |
| BOTTOM OF THE 3RD |
|
Boston (APP) Red Sox batting - Pitching for Seattle (APP) Mariners : RHP Terry Jeffrey
|
|
Batting: RHB Estevan Carrillo
|
0-0: Called Strike 0-1: Ball 1-1: Fly out, F3 (Popup, 3SF, EV 80.6 MPH)
|
|
Batting: LHB Javier Cajina
|
0-0: Called Strike 0-1: Ball 1-1: Fly out, F7 (Flyball, 7, EV 75.6 MPH)
|
|
Batting: RHB Kirk Cully
|
0-0: DOUBLE (Line Drive, 7LD, EV 105.0 MPH)
|
|
Batting: LHB Mike Hutcheson
|
0-0: Called Strike 0-1: 2-RUN HOME RUN (Line Drive, 89XD, EV 103.1 MPH) (Inside the Park)
|
|
Batting: RHB Bakhtiar Asadov
|
0-0: Called Strike 0-1: SOLO HOME RUN (Flyball, 7D, EV 103.8 MPH), Distance : 415 ft
|
|
Batting: RHB Felix Rangel
|
0-0: Foul Ball, location: 2F 0-1: Called Strike 0-2: Ball 1-2: Ground out 4-3 (Groundball, 4S, EV 69.4 MPH)
|
| Bottom of the 3rd over - 3 runs, 3 hits, 0 errors, 0 left on base; Seattle (APP) 3 - Boston (APP) 3 |
| TOP OF THE 4TH |
|
Seattle (APP) Mariners batting - Pitching for Boston (APP) Red Sox : RHP Seb Lightfoot
|
|
Batting: RHB Carlton McDonald
|
0-0: Swinging Strike 0-1: Ball 1-1: Ball 2-1: Ball 3-1: Swinging Strike 3-2: SINGLE (Groundball, 56D, EV 105.0 MPH) (infield hit)
|
|
Batting: RHB Joaquin Salazar
|
0-0: Called Strike 0-1: Swinging Strike 0-2: Ball 1-2: Ball 2-2: Strikes out swinging
|
|
Batting: RHB Ziven Badersky
|
0-0: Fly out, F7 (Flyball, 7, EV 84.4 MPH)
|
|
Batting: RHB Josh Carpenter
|
0-0: Ball 1-0: Ball 2-0: Called Strike 2-1: Ball 3-1: Called Strike 3-2: Foul Ball, location: 2F 3-2: Foul Ball, location: 2F 3-2: Strikes out swinging
|
| Top of the 4th over - 0 runs, 1 hit, 0 errors, 1 left on base; Seattle (APP) 3 - Boston (APP) 3 |
| BOTTOM OF THE 4TH |
|
Boston (APP) Red Sox batting - Pitching for Seattle (APP) Mariners : RHP Terry Jeffrey
|
|
Batting: RHB Eric Kent
|
0-0: Called Strike 0-1: Ball 1-1: Ball 2-1: Swinging Strike 2-2: Ball 3-2: Base on Balls
|
|
Batting: SHB Matsudaira Ikeda
|
0-0: Ball 1-0: Ball 2-0: Ball 3-0: Base on Balls Eric Kent to second
|
|
Batting: RHB Luis Nino
|
0-0: Ball 1-0: Foul Ball, location: 2F 1-1: Ball 2-1: Foul Ball, location: 2F 2-2: Foul Ball, location: 2F 2-2: Foul Ball, location: 2F 2-2: Ball 3-2: Base on Balls Eric Kent to third Matsudaira Ikeda to second
|
|
Batting: RHB Estevan Carrillo
|
0-0: Swinging Strike 0-1: SINGLE (Groundball, 56S, EV 71.2 MPH) (infield hit) Eric Kent scores Matsudaira Ikeda to third Luis Nino to second
|
|
Batting: LHB Javier Cajina
|
0-0: Swinging Strike 0-1: Ball 1-1: Ball 2-1: Called Strike 2-2: Ball 3-2: Base on Balls Matsudaira Ikeda scores Luis Nino to third Estevan Carrillo to second
|
|
Pitching: RHP Frank Cabrera
|
|
|
Batting: RHB Kirk Cully
|
0-0: Ball 1-0: Ball 2-0: SINGLE (Groundball, 4MD, EV 81.2 MPH) (infield hit) Luis Nino scores Estevan Carrillo to third Javier Cajina to second
|
|
Batting: LHB Mike Hutcheson
|
0-0: Called Strike 0-1: Ball 1-1: SINGLE (Groundball, 6D, EV 98.1 MPH) Estevan Carrillo scores Javier Cajina to third Kirk Cully to second
|
|
Batting: RHB Bakhtiar Asadov
|
0-0: Foul Ball, location: 2F 0-1: Ball 1-1: Swinging Strike 1-2: Foul Ball, location: 2F 1-2: GRAND SLAM HOME RUN (Flyball, 78XD, EV 101.2 MPH), Distance : 408 ft
|
|
Batting: RHB Felix Rangel
|
0-0: Ball 1-0: Foul Ball, location: 2F 1-1: Fly out, F8 (Line Drive, 89D, EV 96.9 MPH)
|
|
Batting: RHB Eric Kent
|
0-0: Ball 1-0: DOUBLE (Line Drive, 78D, EV 108.1 MPH)
|
|
Batting: SHB Matsudaira Ikeda
|
0-0: Ball 1-0: SINGLE (Line Drive, 89S, EV 113.1 MPH) Eric Kent to third
|
|
Batting: RHB Luis Nino
|
0-0: Ball 1-0: Called Strike 1-1: Swinging Strike 1-2: Ball 2-2: Strikes out swinging
|
|
Batting: RHB Estevan Carrillo
|
0-0: Ball 1-0: Swinging Strike 1-1: Swinging Strike 1-2: Foul Ball, location: 2F 1-2: Strikes out swinging
|
| Bottom of the 4th over - 8 runs, 6 hits, 0 errors, 2 left on base; Seattle (APP) 3 - Boston (APP) 11 |
| TOP OF THE 5TH |
|
Seattle (APP) Mariners batting - Pitching for Boston (APP) Red Sox : RHP Seb Lightfoot
|
|
Batting: RHB Chris Van Niel
|
0-0: Ball 1-0: Swinging Strike 1-1: Ball 2-1: Ground out 4-3 (Groundball, 4, EV 78.1 MPH)
|
|
Batting: RHB John Vasquez
|
0-0: Called Strike 0-1: Called Strike 0-2: Ball 1-2: Ground out 5-3 (Groundball, 56, EV 93.8 MPH)
|
|
Batting: SHB Carlos Luna
|
0-0: Ball 1-0: Ground out 4-3 (Groundball, 34D, EV 103.1 MPH)
|
| Top of the 5th over - 0 runs, 0 hits, 0 errors, 0 left on base; Seattle (APP) 3 - Boston (APP) 11 |
| BOTTOM OF THE 5TH |
|
Boston (APP) Red Sox batting - Pitching for Seattle (APP) Mariners : RHP Frank Cabrera
|
|
Batting: LHB Javier Cajina
|
0-0: Called Strike 0-1: Ball 1-1: SINGLE (Line Drive, 6MD, EV 96.2 MPH)
|
|
Batting: RHB Kirk Cully
|
0-0: Ball 1-0: Called Strike 1-1: Foul Ball, location: 2F 1-2: Strikes out looking
|
|
Batting: LHB Mike Hutcheson
|
0-0: Called Strike 0-1: Ball Wild Pitch! Javier Cajina to second 1-1: SINGLE (Line Drive, 9S, EV 108.1 MPH) Javier Cajina to third
|
|
Batting: RHB Bakhtiar Asadov
|
0-0: Swinging Strike 0-1: Ball 1-1: Foul Ball, location: 2F 1-2: Ball 2-2: Strikes out swinging
|
|
Batting: RHB Felix Rangel
|
0-0: Ball 1-0: Fly out, F9 (Flyball, 9D, EV 95.6 MPH)
|
| Bottom of the 5th over - 0 runs, 2 hits, 0 errors, 2 left on base; Seattle (APP) 3 - Boston (APP) 11 |
| TOP OF THE 6TH |
|
Seattle (APP) Mariners batting - Pitching for Boston (APP) Red Sox : RHP Seb Lightfoot
|
|
Batting: RHB Nick Edmunds
|
0-0: Swinging Strike 0-1: Fly out, F7 (Flyball, 78S, EV 86.2 MPH)
|
|
Batting: RHB Nick Ellis
|
0-0: Ball 1-0: Foul Ball, location: 2F 1-1: Swinging Strike 1-2: Ball 2-2: Ball 3-2: Base on Balls
|
|
Pitching: RHP Zinedine Lahlafi
|
|
|
Batting: RHB Carlton McDonald
|
0-0: Ball 1-0: Ball Nick Ellis steals 2nd base 2-0: Ball 3-0: Called Strike 3-1: Foul Ball, location: 2F 3-2: Strikes out swinging
|
|
Batting: RHB Joaquin Salazar
|
0-0: Ball 1-0: Ground out 4-3 (Groundball, 4, EV 87.5 MPH)
|
| Top of the 6th over - 0 runs, 0 hits, 0 errors, 1 left on base; Seattle (APP) 3 - Boston (APP) 11 |
| BOTTOM OF THE 6TH |
|
Boston (APP) Red Sox batting - Pitching for Seattle (APP) Mariners : RHP Frank Cabrera
|
|
Pitching: RHP Domingo Maldonado
|
|
|
Batting: RHB Eric Kent
|
0-0: Ball 1-0: Ball 2-0: Ground out 4-3 (Groundball, 4, EV 87.5 MPH)
|
|
Batting: SHB Matsudaira Ikeda
|
0-0: Foul Ball, location: 2F 0-1: Ball 1-1: Ball 2-1: Foul Ball, location: 2F 2-2: Foul Ball, location: 2F 2-2: Fly out, F9 (Flyball, 89M, EV 92.5 MPH)
|
|
Batting: RHB Luis Nino
|
0-0: Foul Ball, location: 2F 0-1: Foul Ball, location: 2F 0-2: Foul Ball, location: 2F 0-2: Foul Ball, location: 2F 0-2: Ball 1-2: Ball 2-2: Ball 3-2: Foul Ball, location: 2F 3-2: Foul Ball, location: 2F 3-2: Base on Balls
|
|
Batting: RHB Estevan Carrillo
|
0-0: Foul Ball, location: 2F 0-1: Ball 1-1: Ball 2-1: Ground out U3 (Groundball, 34, EV 106.2 MPH)
|
| Bottom of the 6th over - 0 runs, 0 hits, 0 errors, 1 left on base; Seattle (APP) 3 - Boston (APP) 11 |
| TOP OF THE 7TH |
|
Seattle (APP) Mariners batting - Pitching for Boston (APP) Red Sox : RHP Zinedine Lahlafi
|
|
Batting: RHB Ziven Badersky
|
0-0: Ball 1-0: Swinging Strike 1-1: Ball 2-1: Called Strike 2-2: Foul Ball, location: 2F 2-2: Foul Ball, location: 2F 2-2: Strikes out swinging
|
|
Batting: RHB Josh Carpenter
|
0-0: Swinging Strike 0-1: Ball 1-1: Swinging Strike 1-2: Strikes out swinging
|
|
Batting: RHB Chris Van Niel
|
0-0: Swinging Strike 0-1: Ball 1-1: Ball 2-1: DOUBLE (Flyball, 8RXD, EV 103.1 MPH)
|
|
Batting: RHB John Vasquez
|
0-0: Called Strike 0-1: Ball 1-1: Foul Ball, location: 2F 1-2: Ground out U3 (Groundball, 34, EV 80.0 MPH)
|
| Top of the 7th over - 0 runs, 1 hit, 0 errors, 1 left on base; Seattle (APP) 3 - Boston (APP) 11 |
| BOTTOM OF THE 7TH |
|
Boston (APP) Red Sox batting - Pitching for Seattle (APP) Mariners : RHP Domingo Maldonado
|
|
Pitching: RHP Victor Ocampo
|
|
|
Batting: LHB Javier Cajina
|
0-0: Foul Ball, location: 2F 0-1: Ball 1-1: Foul Ball, location: 2F 1-2: Ball 2-2: Ball 3-2: Fly out, F5 (Popup, 56S, EV 78.8 MPH)
|
|
Batting: RHB Kirk Cully
|
0-0: Fly out, F7 (Flyball, 7S, EV 82.5 MPH)
|
|
Batting: LHB Mike Hutcheson
|
0-0: Ball 1-0: Ball 2-0: Ball 3-0: Called Strike 3-1: Base on Balls
|
|
Batting: RHB Bakhtiar Asadov
|
0-0: Called Strike 0-1: Ball 1-1: Fly out, F8 (Flyball, 8RM, EV 88.1 MPH)
|
| Bottom of the 7th over - 0 runs, 0 hits, 0 errors, 1 left on base; Seattle (APP) 3 - Boston (APP) 11 |
| TOP OF THE 8TH |
|
Seattle (APP) Mariners batting - Pitching for Boston (APP) Red Sox : RHP Zinedine Lahlafi
|
|
Pitching: RHP Du Kong
|
|
|
Batting: SHB Carlos Luna
|
0-0: Ball 1-0: Ball 2-0: Ball 3-0: Called Strike 3-1: Base on Balls
|
|
Batting: RHB Nick Edmunds
|
0-0: Ball 1-0: Called Strike 1-1: Ball 2-1: 2-RUN HOME RUN (Flyball, 78XD, EV 111.9 MPH), Distance : 423 ft
|
|
Batting: RHB Nick Ellis
|
0-0: Swinging Strike 0-1: Called Strike 0-2: Ball 1-2: Foul Ball, location: 2F 1-2: Fly out, F9 (Flyball, 89M, EV 84.4 MPH)
|
|
Batting: RHB Carlton McDonald
|
0-0: Ball 1-0: Foul Ball, location: 2F 1-1: Hit by Pitch
|
|
Batting: RHB Joaquin Salazar
|
0-0: Ball 1-0: Foul Ball, location: 2F 1-1: SINGLE (Groundball, 4MD, EV 111.2 MPH) Carlton McDonald to second
|
|
Pinch Hitting: LHB Prince Nunley
|
0-0: Ball 1-0: Ball 2-0: Foul Ball, location: 2F 2-1: Ball 3-1: SINGLE (Line Drive, 8RS, EV 112.5 MPH) Carlton McDonald to third Joaquin Salazar to second Runner from 3rd tries for Home, SAFE, throw by CF to home
|
|
Pitching: LHP Brad Victor
|
|
|
Batting: RHB Josh Carpenter
|
0-0: Swinging Strike 0-1: Swinging Strike 0-2: Ball 1-2: Strikes out looking
|
|
Batting: RHB Chris Van Niel
|
0-0: Ball 1-0: Foul Ball, location: 2F 1-1: Ball 2-1: Ball 3-1: Foul Ball, location: 2F 3-2: Base on Balls Joaquin Salazar to third Prince Nunley to second
|
|
Batting: RHB John Vasquez
|
0-0: Swinging Strike 0-1: Fielders Choice at 2nd, 5-4 (Groundball, 56, EV 84.4 MPH)
|
| Top of the 8th over - 3 runs, 3 hits, 0 errors, 3 left on base; Seattle (APP) 6 - Boston (APP) 11 |
| BOTTOM OF THE 8TH |
|
Boston (APP) Red Sox batting - Pitching for Seattle (APP) Mariners : RHP Victor Ocampo
|
|
Now at 2B: Chris Van Niel
|
|
|
Now at SS: Yoshihisa Kobayashi
|
|
|
Batting: RHB Felix Rangel
|
0-0: Called Strike 0-1: Called Strike 0-2: Foul Ball, location: 2F 0-2: Ball 1-2: Strikes out looking
|
|
Batting: RHB Eric Kent
|
0-0: Foul Ball, location: 2F 0-1: Swinging Strike 0-2: Foul Ball, location: 2F 0-2: Ball 1-2: Strikes out swinging
|
|
Batting: SHB Matsudaira Ikeda
|
0-0: SOLO HOME RUN (Flyball, 89XD, EV 102.5 MPH), Distance : 415 ft
|
|
Batting: RHB Luis Nino
|
0-0: Ball 1-0: Foul Ball, location: 2F 1-1: Foul Ball, location: 2F 1-2: Foul Ball, location: 2F 1-2: Strikes out looking
|
| Bottom of the 8th over - 1 run, 1 hit, 0 errors, 0 left on base; Seattle (APP) 6 - Boston (APP) 12 |
| TOP OF THE 9TH |
|
Seattle (APP) Mariners batting - Pitching for Boston (APP) Red Sox : LHP Brad Victor
|
|
Batting: SHB Carlos Luna
|
0-0: Called Strike 0-1: Ball 1-1: Ground out 6-3 (Groundball, 6, EV 87.5 MPH)
|
|
Batting: RHB Nick Edmunds
|
0-0: Ball 1-0: Swinging Strike 1-1: Ball 2-1: Foul Ball, location: 2F 2-2: Ball 3-2: Foul Ball, location: 2F 3-2: Base on Balls
|
|
Batting: RHB Nick Ellis
|
0-0: Foul Ball, location: 2F 0-1: Swinging Strike 0-2: Ball 1-2: Ball 2-2: Foul Ball, location: 2F 2-2: Strikes out swinging
|
|
Batting: RHB Carlton McDonald
|
0-0: Called Strike 0-1: Ball 1-1: Called Strike 1-2: Ball 2-2: Foul Ball, location: 2F 2-2: SINGLE (Line Drive, 6D, EV 98.1 MPH) Nick Edmunds to second
|
|
Batting: RHB Joaquin Salazar
|
0-0: Foul Ball, location: 2F 0-1: Ball 1-1: Ball 2-1: Called Strike 2-2: Fly out, F9 (Flyball, 89D, EV 101.2 MPH)
|
| Top of the 9th over - 0 runs, 1 hit, 0 errors, 2 left on base; Seattle (APP) 6 - Boston (APP) 12 |
|